 Seeded DCSS version 0.29-a0-323-g050149af67 (webtiles) character file.

Game seed: 12345 (custom seed)

596 dianekeaton the Basher (level 7, -2/57 HPs)
             Began as a Minotaur Fighter on Apr 12, 2022.
             Slain by an iguana (7 damage)
             ... on level 4 of the Dungeon.
             The game lasted 00:07:13 (3435 turns).

dianekeaton the Basher (Minotaur Fighter)           Turns: 3435, Time: 00:07:13

Health: -2/57      AC:  8    Str: 23    XL:     7   Next: 17%
Magic:  6/6        EV:  9    Int:  5    God:
Gold:   183        SH:  6    Dex:  9    Spells: 6/6 levels left

rFire   . . .      SeeInvis .   a - +1 flail
rCold   . . .      Faith    .   c - +2 buckler
rNeg    . . .      Spirit   .   b - +0 scale mail
rPois   .          Reflect  .   (helmet restricted)
rElec   .          Harm     .   (no cloak)
rCorr   .          Rampage  .   (no gloves)
Will    .....                   n - +0 pair of boots
Stlth   ..........              (no amulet)
HPRegen 0.19/turn               (no ring)
MPRegen 0.10/turn               (no ring)

@: no status effects
A: horns 2, retaliatory headbutt
a: no special abilities


You were on level 4 of the Dungeon.
You visited 1 branch of the dungeon, and saw 5 of its levels.

You collected 183 gold pieces.

Inventory:

Hand Weapons
 a - a +1 flail (weapon)
Armour
 b - a +0 scale mail (worn)
 c - a +2 buckler (worn)
 n - a +0 pair of boots (worn)
Scrolls
 e - a scroll of immolation
 g - 2 scrolls of fog
 p - a scroll of teleportation {unknown}
Potions
 f - a potion of lignification
 h - 2 potions of mutation
 i - 2 potions of brilliance
 j - a potion of resistance {unknown}
 k - 2 potions of heal wounds {unknown}
 m - 2 potions of invisibility {unknown}
 o - a potion of curing {unknown}


   Skills:
 - Level 3.6 Fighting
 + Level 9.5 Maces & Flails
 - Level 3.6 Armour
 - Level 0.2 Dodging
 - Level 0.3 Stealth
 - Level 3.6 Shields


You had 6 spell levels left.
You didn't know any spells.
Your spell library was empty.

Dungeon Overview and Level Annotations

Branches:
Dungeon (5/15)
 Temple: D:4-7

Altars:
Sif Muna
The Shining One

Annotations:
D:5 Eustachio


Innate Abilities, Weirdness & Mutations

You have a pair of horns on your head.
You reflexively headbutt those who attack you in melee.


Message History

The hound bites you but does no damage. The iguana bites you.
* * * LOW HITPOINT WARNING * * *
The hound bites you but does no damage.
You hit the hound. Your headbutt misses the hound.
The hound is almost dead.
The hound bites you.
* * * LOW HITPOINT WARNING * * *
The iguana bites you!
* * * LOW HITPOINT WARNING * * *
Okay, then.
The hound barely misses you. The hound bites you.
* * * LOW HITPOINT WARNING * * *
You hit the iguana.
The iguana is moderately wounded.
The hound bites you.
* * * LOW HITPOINT WARNING * * *
The iguana bites you but does no damage.
You closely miss the iguana.
The iguana is moderately wounded.
You block the hound's attack. You block the iguana's attack.
The hound bites you but does no damage.
You hit the iguana but do no damage. Your headbutt misses the iguana.
The iguana is moderately wounded.
The hound closely misses you. You furiously retaliate!
You headbutt the hound.
You kill the hound!
The iguana bites you but does no damage.
You barely miss the iguana. Your headbutt misses the iguana.
The iguana is moderately wounded.
The iguana bites you but does no damage.
Blink to where?
Press: ? - help, Dir - move target
As you read the scroll of blinking, it crumbles to dust.
An iguana is nearby!
There is a stone staircase leading down here.
You climb downwards.
Eustachio shouts!
Found a war axe and a short sword.
There is a stone staircase leading up here.
You climb upwards.
You block the iguana's attack. The iguana bites you!
You die...

##.# #.#...#.#.......# ..# .#
##.#####...................#
.........#.#.#.######+#....#
##.#.........#.............+
...#..##.............##....#
......##.....)###....# ....#
...(..##...... #....#####.##
......##......###...........#
......# ......#.@..).........
......# ......#l####.........
###... ##+###.........##....
..... #......#.#........
......#####.#....#.#.####...
##....#.....#....#.... .
.....(.†###.#....#.#.##
#.....†.l.......#.#..
#..$.......##...#.#.##


You could see an iguana.

Vanquished Creatures
  A hornet (D:4)
  A black bear (D:4)
  2 scorpions (D:4)
  A howler monkey (D:4)
  A hound (D:4)
  An iguana (D:4)
  A gnoll (D:1)
  An adder (D:4)
  2 worms
  A dart slug (D:2)
  An orc (D:2)
  5 ball pythons
  5 bats
  10 endoplasms
  5 giant cockroaches
  6 goblins
  5 hobgoblins
  6 kobolds (D:1)
  4 quokkas
  3 frilled lizards
  4 rats
66 creatures vanquished.

Vanquished Creatures (others)
  5 fungi (D:4)
  6 plants (D:4)
11 creatures vanquished.

Grand Total: 77 creatures vanquished

Notes
Turn   | Place    | Note
-------+----------+-------------------------------------------
     0 | D:1      | dianekeaton the Minotaur Fighter began the quest for the
                  | Orb.
     0 | D:1      | Reached XP level 1. HP: 19/19 MP: 0/0
    89 | D:1      | Reached skill level 3 in Maces & Flails
   103 | D:1      | Reached XP level 2. HP: 13/26 MP: 1/1
   348 | D:1      | Found a faded altar of an unknown god.
   458 | D:1      | Reached skill level 4 in Maces & Flails
   458 | D:1      | Reached XP level 3. HP: 22/31 MP: 2/2
  1013 | D:2      | Found a shimmering blue altar of Sif Muna.
  1887 | D:2      | HP: 1/31 [poisoned by a goblin]
  2194 | D:3      | Reached skill level 5 in Maces & Flails
  2435 | D:3      | Reached XP level 4. HP: 33/39 MP: 3/3
  2780 | D:3      | Found a glowing golden altar of the Shining One.
  2878 | D:4      | Reached skill level 6 in Maces & Flails
  3090 | D:4      | Noticed a hornet
  3093 | D:4      | Reached XP level 5. HP: 45/45 MP: 4/4
  3098 | D:4      | Killed a hornet
  3099 | D:4      | Reached skill level 8 in Maces & Flails
  3099 | D:4      | Reached XP level 6. HP: 23/51 MP: 5/5
  3410 | D:4      | Reached skill level 9 in Maces & Flails
  3410 | D:4      | Reached XP level 7. HP: 48/57 MP: 6/6
  3420 | D:4      | HP: 2/57 [hound (1)]
  3433 | D:5      | Entered Level 5 of the Dungeon
  3433 | D:5      | Noticed Eustachio
  3435 | D:4      | Slain by an iguana

Illustrated notes

Levels and vault maps discovered:
D:1:      lightli_arrival_farm, layout_rooms,
          shapermc_ecumenical_altar_mp_ritualfount
D:2:      layout_basic, basic_altar
D:3:      layout_rooms, mainiacjoe_overflow_alcove_4
D:4:      old_forge, layout_basic
D:5:      layout_cave_pools, uniq_grinder, uniq_eustachio,
          uniq_crazy_yiuf_cottage

Skill      XL: |  1  2  3  4  5  6 |
---------------+-------------------+-----
Maces & Flails | 3 4 5 6 8 9 |  9.5
Fighting       | |  3.6
Armour         | |  3.6
Dodging        | |  0.2
Stealth        | |  0.3
Shields        | |  3.6

Action                   |  1- 3 |  4- 6 |  7- 9 || total
-------------------------+-------+-------+-------++-------
Melee: Flail             |    79 |    46 |    12 ||   137
       Headbutt          |    12 |     8 |       ||    20
  Use: Scroll            |     7 |     2 |     1 ||    10
       Potion            |       |     1 |       ||     1
Armor: Scale mail        |    34 |    18 |     8 ||    60
Dodge: Dodged            |    42 |    11 |     7 ||    60
Block: Buckler           |    27 |    16 |     4 ||    47

Table legend: (Time is in decaauts)
 A = Elapsed time spent in this place.
 B = Non-inter-level travel time spent in this place.
 C = Inter-level travel time spent in this place.
 D = Time resting spent in this place.
 E = Time spent auto-exploring this place.
 F = Levels seen in this place.
 G = Mean time per level.
                   A        B        C        D        E       F      G
               +--------+--------+--------+--------+--------+-----+--------+
         Total |   3481 |   3378 |    103 |   1052 |   1645 |   5 |  696.2 |
       Dungeon |   3481 |   3378 |    103 |   1052 |   1645 |   5 |  696.2 |
               +--------+--------+--------+--------+--------+-----+--------+

Top non-repeatable levels by time:
     D:2: 1325 daAuts
     D:1: 892 daAuts
     D:3: 652 daAuts
     D:4: 608 daAuts
     D:5: 1 daAuts
